 Dungeon Crawl Stone Soup version 0.29-a0-322-g68df515428 (webtiles) character file.

Game seed: 14187527854852356820

29 GigaChad the Chopper (level 3, 0/30 HPs)
             Began as a Minotaur Gladiator on Apr 5, 2022.
             Was an Initiate of Gozag.
             Slain by a jackal (2 damage)
             ... on level 2 of the Dungeon.
             The game lasted 00:02:49 (568 turns).

GigaChad the Chopper (Minotaur Gladiator)            Turns: 568, Time: 00:02:50

Health: 0/30       AC:  3    Str: 18    XL:     3   Next: 1%
Magic:  0/2        EV: 13    Int:  5    God:    Gozag
Gold:   91         SH:  0    Dex: 13    Spells: 2/2 levels left

rFire   . . .      SeeInvis .   a - +0 war axe
rCold   . . .      Faith    .   (no shield)
rNeg    . . .      Spirit   +   b - +0 leather armour
rPois   .          Reflect  .   c - +0 hat
rElec   .          Harm     .   (no cloak)
rCorr   .          Rampage  .   (no gloves)
Will    .....                   (no boots)
Stlth   +.........              h - amulet of guardian spirit
HPRegen 0.10/turn               (no ring)
MPRegen 0.08/turn               (no ring)

@: no status effects
A: horns 2, retaliatory headbutt
a: Renounce Religion, Potion Petition, Call Merchant, Bribe Branch


You were on level 2 of the Dungeon.
You worshipped Gozag.
Gozag was noncommittal.
You visited 1 branch of the dungeon, and saw 2 of its levels.

You collected 91 gold pieces.

Inventory:

Hand Weapons
 a - a +0 war axe (weapon)
Missiles
 d - 3 throwing nets
 e - a javelin
 f - 6 atropa-tipped darts (quivered)
Armour
 b - a +0 leather armour (worn)
 c - a +0 hat (worn)
Jewellery
 h - an amulet of guardian spirit (around neck)
Scrolls
 g - a scroll of blinking {unknown}
 i - a scroll of fear {unknown}
 j - a scroll of identify {unknown}
Potions
 k - a potion of curing {unknown}
 l - a potion of haste {unknown}


   Skills:
 + Level 2.7 Fighting
 + Level 4.0 Axes
 + Level 2.1 Throwing
 + Level 0.6 Armour
 + Level 4.0 Dodging


You had 2 spell levels left.
You didn't know any spells.
Your spell library contained the following spells:

 Spells                   Type           Power      Damage    Failure   Level
 Scorch                   Fire           0%         2d5       67%         2
 Flame Wave               Conj/Fire      0%         2d4       99%         4
 Summon Cactus Giant      Summ           0%         N/A       100%        6


Dungeon Overview and Level Annotations

Branches:
Dungeon (2/15)

Altars:
Gozag


Innate Abilities, Weirdness & Mutations

You have a pair of horns on your head.
You reflexively headbutt those who attack you in melee.


Message History

Found a scroll labelled SUYSME XUPIAD. 2 jackals come into view.
The jackal barks! x2
A quokka comes into view.
The jackal moves out of view.
A jackal comes into view.
Found 13 gold pieces.
The jackal moves out of view.
You see here a scroll labelled SUYSME XUPIAD.
Found a buckler.
A worm comes into view.
Found 8 stones.
The jackal barely misses you. x2
The jackal bites you but does no damage.
The jackal closely misses you. The jackal bites you.
* * * LOW HITPOINT WARNING * * *
The quokka twitches its whiskers.
An adder comes into view.
The jackal closely misses you. You furiously retaliate!
You headbutt the jackal!
You kill the jackal!
The jackal bites you.
* * * LOW HITPOINT WARNING * * *
You have reached level 3!
Your experience leads to an increase in your attributes!
Increase (S)trength, (I)ntelligence, or (D)exterity?
You feel agile. x2
The jackal bites you.
* * * LOW HITPOINT WARNING * * *
The jackal attacks as you move away! The jackal barely misses you.
Found 10 gold pieces.
You see here 8 stones.
The jackal attacks as you move away!
The jackal bites you but does no damage. x2
The jackal closely misses you. The jackal attacks as you move away!
The jackal misses you.
The jackal bites you but does no damage. x2
The jackal attacks as you move away! The jackal barely misses you.
The jackal attacks as you move away! The jackal bites you.
You die...
Your body crumbles into a pile of gold.

..............
.............
...........#
#.......##.#
########.##....##.## #
#.$.......w$.......###
#.....h...[.#......#..
#....@h..(g.g.$...?..#
#......r...##......###
#..........##......#
#..........##......#
####################


You could see a worm, 2 gnolls, a quokka and 2 jackals.

Vanquished Creatures
  2 adders (D:2)
  A giant cockroach (D:1)
  A goblin (D:1)
  A jackal (D:2)
  3 bats
  A frilled lizard (D:1)
  4 rats (D:1)
13 creatures vanquished.

Notes
Turn   | Place    | Note
-------+----------+-------------------------------------------
     0 | D:1      | GigaChad the Minotaur Gladiator began the quest for the
                  | Orb.
     0 | D:1      | Reached XP level 1. HP: 18/18 MP: 0/0
   179 | D:1      | Found a faded altar of an unknown god.
   221 | D:1      | Prayed at the altar of an unknown god.
   221 | D:1      | Became a worshipper of Gozag Ym Sagoz the Greedy
   454 | D:2      | Reached XP level 2. HP: 25/25 MP: 1/1
   515 | D:2      | HP: 1/25 [gnoll/+0 halberd (9)]
   560 | D:2      | Reached XP level 3. HP: 2/30 MP: 0/2
   568 | D:2      | Slain by a jackal

Illustrated notes

Levels and vault maps discovered:
D:1:      lemuel_arrival_river_ford, layout_loops_ring,
          shapermc_ecumenical_altar_mp_highgroup, kennysheep_another_room
D:2:      layout_rooms

Skill      XL: |  1  2 |
---------------+-------+-----
Axes           | 4 |  4.0
Dodging        | 4 |  4.0
Fighting       | |  2.7
Throwing       | |  2.1
Armour         | |  0.6

Action                   || total
-------------------------++-------
Melee: War axe           ||    18
       Headbutt          ||     4
       Punch             ||     1
Armor: Leather armour    ||    17
Dodge: Dodged            ||    41

Table legend: (Time is in decaauts)
 A = Elapsed time spent in this place.
 B = Non-inter-level travel time spent in this place.
 C = Inter-level travel time spent in this place.
 D = Time resting spent in this place.
 E = Time spent auto-exploring this place.
 F = Levels seen in this place.
 G = Mean time per level.
                   A        B        C        D        E       F      G
               +--------+--------+--------+--------+--------+-----+--------+
         Total |    575 |    568 |      7 |      0 |     62 |   2 |  287.5 |
       Dungeon |    575 |    568 |      7 |      0 |     62 |   2 |  287.5 |
               +--------+--------+--------+--------+--------+-----+--------+

Top non-repeatable levels by time:
     D:1: 450 daAuts
     D:2: 124 daAuts
